Map: Abiogenesis LE

Players

eXoBLaZeR - Winner!

  • Race: Terran Terran
  • League: Master
  • Spawn Location: 11:00

PhyNix

  • Race: Terran Terran
  • League: Diamond
  • Spawn Location: 5:00

VOD

Have the link to the VOD?

Description

Time

  • Played on: March 3, 2018, 4:56 a.m.
  • Length: 18:12
Show
View Real Time Build Order
Export as new Build Order

eXoBLaZeR Terran - Winner!

Build Orders: Bio Tank, Banshee Rush 

Get SALT Encoding   

  12  0:02  SCV  
  14  0:14  SCV  
  14  0:17  Supply Depot  
  14  0:26  SCV  
  15  0:40  Barracks  
  15  0:42  Refinery  
  15  0:55  Barracks  
  15  0:57  SCV  
  15  1:04  Refinery  
  16  1:09  SCV  
  17  1:21  SCV  
  18  1:27  Reaper  
  19  1:34  Orbital Command  
  19  1:54  Reaper  
  19  1:59  Reaper  
  21  2:01  Supply Depot  
  21  2:04  SCV  
  21  2:17  SCV  
  22  2:24  Factory  
  22  2:26  Reaper  
  22  2:29  SCV  
  24  2:31  Reaper  
  25  2:41  SCV  
  26  2:49  Supply Depot  
  26  2:53  SCV  
  28  3:08  Barracks Tech Lab  
  28  3:09  Factory Tech Lab, Starport  
  26  3:13  Marine  
  26  3:14  SCV  
  28  3:33  Siege Tank  
  31  3:53  Cloaking Field, Banshee  
  34  4:01  Command Center  
  34  4:19  Marine x2  
  34  4:20  Siege Tank  
  39  4:40  Supply Depot  
  39  4:50  Banshee  
  37  5:02  Marine x2  
  37  5:03  Siege Tank  
  35  5:21  SCV  
  35  5:25  Barracks Reactor  
  35  5:33  SCV  
  36  5:44  Marine  
  36  5:45  SCV, Siege Tank  
  36  5:46  Medivac  
  36  5:49  Command Center  
  43  5:58  SCV  
  43  6:03  Orbital Command  
  44  6:08  Refinery  
  44  6:20  Orbital Command  
  44  6:24  SCV  
  44  6:25  Stimpack, Marine x3  
  43  6:29  Medivac  
  47  6:41  Barracks  
  47  6:47  SCV x2  
  48  6:51  Marine x3  
  52  6:54  Siege Tank  
  52  6:59  SCV x2  
  57  7:03  Orbital Command  
  57  7:12  Starport Reactor  
  57  7:13  Marine x3  
  60  7:17  SCV x2  
  62  7:29  SCV x2  
  64  7:35  Barracks Reactor, Marine  
  64  7:36  Marine x2  
  67  7:37  Siege Tank  
  67  7:43  SCV  
  67  7:44  SCV x2  
  72  7:47  Supply Depot  
  73  7:55  SCV  
  73  7:56  SCV x2  
  68  7:59  Marine x3  
  68  8:00  Medivac  
  68  8:01  Medivac  
  75  8:06  Supply Depot  
  75  8:08  Supply Depot, SCV x2  
  75  8:09  SCV  
  78  8:22  Engineering Bay  
  78  8:23  Engineering Bay  
  78  8:24  SCV x2  
  78  8:25  SCV  
  78  8:26  Combat Shields  
  81  8:35  Marine x5  
  81  8:36  SCV x2, Siege Tank  
  81  8:37  SCV  
  91  8:48  Terran Infantry Weapons Level 1, Barracks  
  91  8:49  Terran Infantry Armor Level 1  
  91  8:50  Refinery  
  91  8:53  Marine x2  
  91  8:54  Marine x3  
  96  9:00  SCV x2  
  96  9:01  SCV  
  99  9:11  Marine x2  
  101  9:18  Siege Tank, Marine x3  
  101  9:19  Supply Depot x2  
  107  9:29  Marine x2  
  95  9:36  Marine x3  
  96  9:41  Viking  
  96  9:42  Viking  
  95  9:47  Marine x2  
  95  9:53  SCV  
  95  9:54  SCV, Marine x3  
  95  9:57  Refinery x2, Siege Tank  
  103  10:02  Factory  
  103  10:05  SCV, Marine x2  
  103  10:06  SCV  
  107  10:11  Viking  
  107  10:12  Viking, Armory, Marine x3  
  108  10:35  Marine x5  
  109  10:36  Siege Tank  
  109  10:40  Barracks Reactor  
  109  10:41  Medivac x2  
  110  10:44  Barracks  
  110  10:53  Marine x4  
  114  10:58  Marine  
  115  11:08  Factory Tech Lab  
  115  11:09  Siege Tank  
  115  11:10  Marine  
  115  11:11  Marine x2  
  121  11:17  Supply Depot  
  121  11:18  Marine x4  
  121  11:19  Supply Depot  
  124  11:27  Command Center  
  124  11:28  Marine x3  
  124  11:29  Siege Tank  
  130  11:36  Marine x2  
  132  11:41  Marine  
  132  11:42  Siege Tank, Marine  
  132  11:44  Barracks Reactor  
  127  11:51  Missile Turret  
  127  11:55  Missile Turret  
  127  11:57  Missile Turret  
  127  11:59  Missile Turret, Marine x5  
  132  12:01  Medivac x2, Siege Tank  
  139  12:11  Marine  
  139  12:12  Marine  
  139  12:13  Missile Turret  
  139  12:14  Siege Tank  
  144  12:17  Marine x3  
  146  12:24  Marine x3  
  146  12:29  Marine  
  149  12:30  Terran Infantry Armor Level 2, Terran Infantry Weapons Level 2  
  149  12:38  Marine x4  
  149  12:41  Supply Depot  
  149  12:44  Supply Depot  
  153  12:45  Supply Depot  
  153  12:53  Marine x4  
  157  13:04  Terran Vehicle Weapons Level 1  
  157  13:07  Marine x4  
  159  13:15  Planetary Fortress  
  159  13:17  Marine  
  159  13:18  Marine x4  
  163  13:20  Siege Tank x2  
  163  13:24  Marine  
  170  13:36  Medivac x2, Marine x2  
  170  13:37  Marine  
  177  13:54  Marine x2  
  177  13:55  Marine x5  
  184  14:04  Marine x2  
  184  14:05  Siege Tank  
  184  14:06  Siege Tank  
  192  14:12  Marine x2  
  192  14:16  Marine  
  192  14:17  Marine x4  
  195  14:22  Marine  
  169  15:21  Marine x2  
  169  15:22  Marine  
  169  15:24  Marine  
  169  15:25  Marine x5  
  169  15:26  Siege Tank x2, Medivac x2  
  151  15:40  Marine  
  151  15:41  Marine x2  
  151  15:42  Marine x2  
  151  15:43  Marine x2  
  151  15:48  Marine x2  
  140  15:58  Marine x2  
  140  15:59  Marine  
  124  16:14  Marine x5  
  124  16:15  Marine  
  124  16:16  Siege Tank x2, Marine x3, Medivac x2  
  138  16:32  Marine x6  
  141  16:34  Marine  
  145  16:43  Marine  
  145  16:44  Marine  
  145  16:46  Medivac x2  
  151  16:48  Siege Tank x2  
  151  16:50  Marine x6  
  158  16:56  Command Center  
  158  17:03  Command Center  
  158  17:09  Marine  
  158  17:10  Marine x8  
  165  17:20  Siege Tank  
  165  17:22  Siege Tank  
  169  17:23  Viking x2  
  169  17:27  Marine x2  
  169  17:28  Marine x4  
  176  17:38  Marine x3  
  175  17:45  Marine x3  
  178  17:52  Marine x3  
Show
View Real Time Build Order
Export as new Build Order

PhyNix Terran 

Build Orders: 1/1/1, Cyclone Opening, MMM Bio 

Get SALT Encoding   

  12  0:02  SCV  
  13  0:14  SCV  
  13  0:17  Supply Depot  
  14  0:26  SCV  
  15  0:30  Refinery  
  15  0:39  SCV  
  16  0:46  Barracks  
  16  0:51  SCV  
  17  0:57  Refinery  
  17  1:03  SCV  
  18  1:15  SCV  
  19  1:33  Orbital Command, Reaper  
  19  1:38  Factory  
  20  1:48  Supply Depot  
  20  1:59  SCV  
  21  2:05  Reaper  
  22  2:11  SCV  
  23  2:22  Cyclone  
  26  2:26  Starport, SCV  
  27  2:37  Supply Depot  
  27  2:38  Reaper  
  28  2:45  SCV  
  29  2:58  Cyclone  
  32  3:06  Liberator  
  32  3:11  Supply Depot  
  32  3:20  SCV  
  36  3:28  Barracks Tech Lab  
  36  3:37  Command Center  
  36  3:41  Factory Tech Lab  
  36  3:47  Stimpack, Marine  
  37  3:53  Barracks  
  37  3:59  Barracks  
  37  4:11  Viking, Marine  
  40  4:21  Siege Tank  
  43  4:29  Marine  
  44  4:32  Engineering Bay  
  44  4:51  Orbital Command  
  41  4:53  Barracks Reactor x2  
  35  5:08  Siege Tank, Marine  
  36  5:16  Orbital Command  
  36  5:19  Missile Turret  
  34  5:30  Marine x2  
  34  5:32  Marine x2  
  34  5:34  Marine  
  39  5:43  SCV x2  
  39  5:44  Missile Turret  
  39  5:48  Marine  
  42  5:51  Medivac  
  42  5:56  SCV x2  
  45  6:11  Missile Turret, Marine x2  
  44  6:25  SCV x2  
  44  6:30  Terran Infantry Weapons Level 1  
  44  6:31  Barracks  
  44  6:32  Barracks, Marine  
  45  6:43  SCV x2  
  45  6:46  Combat Shields  
  47  6:47  Marine  
  48  6:59  SCV x2  
  48  7:00  Marine x2  
  48  7:01  Marine  
  53  7:05  Marine  
  54  7:10  Viking  
  56  7:16  Siege Tank  
  56  7:20  Barracks Reactor  
  56  7:21  Barracks Reactor  
  59  7:26  SCV x2  
  61  7:30  Supply Depot  
  61  7:34  Supply Depot  
  61  7:36  Supply Depot  
  61  7:47  Starport Reactor  
  61  7:48  Marine  
  62  7:51  Marine x3  
  62  8:01  SCV x2  
  62  8:02  Refinery, Marine x4  
  62  8:03  Marine  
  69  8:06  Marine  
  70  8:13  SCV x2  
  70  8:18  Supply Depot  
  72  8:25  SCV x2  
  74  8:32  Command Center  
  74  8:34  Terran Infantry Armor Level 1  
  74  8:39  Marine  
  74  8:40  Marine x2  
  77  8:46  Refinery  
  77  8:47  SCV  
  77  8:48  SCV  
  79  8:55  Siege Tank, Marine x3  
  85  9:09  Marine x3  
  88  9:12  SCV x2  
  90  9:20  Marine x4  
  86  9:36  Marine x4  
  86  9:37  Marine  
  77  9:55  Orbital Command  
  77  9:58  Marine x9  
  86  10:04  Engineering Bay  
  86  10:06  Armory  
  86  10:10  Missile Turret  
  86  10:25  Viking  
  86  10:26  Viking, Marine  
  86  10:27  Marine x2  
  86  10:41  Siege Tank  
  86  10:42  Marine x4  
  93  10:48  Orbital Command  
  90  10:53  Terran Infantry Armor Level 2, Terran Infantry Weapons Level 2  
  90  10:57  SCV x2  
  92  11:09  SCV  
  93  11:13  Siege Tank  
  93  11:16  Supply Depot x2  
  93  11:17  SCV x2  
  98  11:21  Marine x2  
  100  11:27  SCV  
  100  11:29  Terran Vehicle Weapons Level 1  
  94  11:49  Marine  
  94  11:50  Marine x8  
  94  11:53  SCV x2  
  94  11:54  SCV  
  106  12:06  Viking x2  
  106  12:07  Marine  
  111  12:10  Marine  
  111  12:11  Marine x6  
  118  12:17  Supply Depot  
  118  12:26  Siege Tank  
  118  12:27  Marine x2  
  118  12:28  Marine  
  118  12:29  Marine x3  
  124  12:36  Medivac x2  
  123  12:41  Marine x2  
  125  12:56  Factory  
  125  12:57  Marine x7  
  125  12:58  Supply Depot x2, Starport, Marine  
  133  13:10  Marine  
  130  13:15  Marine  
  130  13:17  Siege Tank  
  128  13:30  SCV x3  
  128  13:32  Marine  
  132  13:39  Liberator x2  
  132  13:42  SCV  
  133  13:49  Siege Tank  
  133  13:50  Factory Tech Lab  
  133  13:51  Marine  
  133  13:52  Marine x7  
  141  13:56  Starport Reactor  
  141  14:00  Refinery  
  141  14:02  Refinery  
  147  14:25  Terran Infantry Armor Level 3, Terran Infantry Weapons Level 3  
  147  14:27  Supply Depot, Terran Vehicle Weapons Level 2  
  147  14:29  Supply Depot  
  147  14:43  Viking  
  149  14:48  Viking, Siege Tank  
  149  14:49  Siege Tank  
  157  14:55  Viking x2  
  144  15:19  Marine  
  144  15:20  Marine  
  144  15:21  Marine x2  
  101  15:23  Marine  
  74  15:36  Marine  
  74  15:38  Marine x2  
  74  15:51  Marine  
  74  15:53  Marine  
  54  15:57  Marine x2  
  53  16:09  Marine  
  51  16:12  Liberator x2  
  51  16:15  Marine x2  
  49  16:23  Barracks  
  49  16:25  Barracks  
  49  16:27  Marine  
  49  16:32  Siege Tank x2, Marine  
  62  16:33  Marine  
  64  16:45  Marine  
  60  16:50  Marine  
  60  16:51  Marine  
  60  16:53  Liberator x2  
  41  17:08  Marine  
  40  17:09  Marine  
  40  17:15  Orbital Command  
  34  17:41  Orbital Command  
Tags
 
Add a new tag
Caveats
  • Supply blocks, unpowered buildings, or Contaminate may cause inaccurate times.
  • Supply counts are checked every 10 seconds.